Get step-by-step instructions on how to execute this build order below. Start the game timer, and the build order will tick by so you can play in parallel with StarCraft on a second screen or mobile device.

Game Time

  0:00

Last Step

  N/A

Next Step

Upcoming Step



Don't want to look back and forth between 2 screens? Try out our Overwolf App, the Spawning Tool Build Advisor to get an in-game overlay with this build!

Complete Build Order

  12  0:00  SCV  
  13  0:13  SCV  
  14  0:18  Supply Depot  
  14  0:25  SCV  
  15  0:40  SCV  
  16  0:44  Barracks  
  16  0:49  Refinery  
  16  0:52  SCV  
  18  1:04  SCV  
  18  1:16  SCV  
  19  1:22  Supply Depot  
  19  1:29  SCV  
  19  1:31  Marine  
  21  1:42  Orbital Command, Barracks  
  21  1:50  Barracks Tech Lab, Refinery  
  21  2:08  Marine  
  22  2:09  Supply Depot  
  22  2:26  Marine  
  22  2:28  Marine  
  26  2:44  Marauder  
  26  2:46  Marine  
  26  2:48  Supply Depot  
  27  3:03  Marine  
  30  3:05  Marauder  
  30  3:15  Supply Depot  
  30  3:21  Marine  
  30  3:23  SCV  
  34  3:27  Marauder  
  34  3:36  SCV  
  34  3:39  Marine, Engineering Bay  
  36  3:47  Marine  
  36  3:48  SCV  
  38  3:57  Marine  
  38  4:00  SCV  
  40  4:05  Marine  
  40  4:07  Supply Depot  
  41  4:12  SCV  
  41  4:15  Marine  
  43  4:24  SCV, Marauder  
  46  4:45  Marauder  
  48  5:06  Marauder  
  50  5:48  Barracks Tech Lab  
  50  5:49  Stimpack, Terran Infantry Weapons Level 1  
  50  5:50  Factory  
  50  5:54  Factory  
  50  5:56  Command Center, Missile Turret  
  50  5:57  Missile Turret  
  50  6:06  Combat Shield  
  50  6:20  Bunker  
  50  6:26  Marine  
  50  6:31  Supply Depot  
  37  6:34  Marine  
  37  6:35  Factory Tech Lab  
  37  6:39  Starport  
  28  6:41  Factory Tech Lab, Starport  
  28  6:44  Marine  
  29  6:51  Marine  
  30  6:55  Siege Tank  
  33  7:02  Marine  
  34  7:09  Marine  
  34  7:11  SCV, Refinery  
  34  7:14  Starport Tech Lab  
  34  7:15  SCV  
  37  7:17  Starport Tech Lab, Refinery  
  37  7:20  Marine  
  38  7:23  SCV  
  38  7:27  Marine, SCV  
  38  7:31  Siege Tank  
  38  7:35  SCV  
  41  7:38  Marine  
  41  7:39  SCV  
  38  7:45  Marine  
  38  7:47  SCV  
  40  7:51  SCV  
  40  7:56  Marine  
  41  7:59  SCV  
  41  8:03  Marine, SCV  
  44  8:07  Siege Tank  
  44  8:11  SCV  
  48  8:14  Marine  
  48  8:15  SCV  
  50  8:21  Marine  
  50  8:23  SCV  
  50  8:25  Viking  
  40  8:38  Marauder